[Event "I Liga Centralne Srbije"]
[Site "Bajina Bašta, Serbia"]
[Date "2020.10.10"]
[Round "1.1"]
[White "Dimitrov, Radoslav"]
[Black "Ivic, Velimir"]
[Result "1/2-1/2"]
[ECO "A28"]
[WhiteElo "2507"]
[BlackElo "2548"]
[Annotator "Knez"]
[PlyCount "73"]
[EventDate "2020.??.??"]
[TimeControl "90"]

1. c4 e5 2. Nc3 Nf6 3. Nf3 Nc6 4. d4 exd4 5. Nxd4 Bb4 6. g3 Bxc3+ 7. bxc3 Na5 8. e3 O-O 9. Nb3 Nc6 10. Be2 d6 11. O-O a5 12. f3 a4 13. Nd4 Nd7 14. e4 Na5 15. Nb5 b6 16. Qxa4 Nc5 17. Qd1 Nab3 18. Bg5 Qxg5 19. axb3 Rxa1 20. Qxa1
Nxb3 21. Qa3 Qe3+ 22. Rf2 Nc1 23. Bf1 Qe1 24. Kg2 Bh3+ 25. Kxh3 Qxf2 26. Qxc1 f5 27. Nd4 fxe4 28. c5 bxc5 29. Bc4+ Kh8 30. Ne6 Rf6 31. Ng5 Rh6+ 32. Kg4 Rg6 33. Kh3 Rh6+ 34. Kg4 Rg6 35. Kh3 Rh6+ 36. Kg4 Rg6 37. Kh3 1/2-1/2

[Event "I Liga Centralne Srbije"]
[Site "Bajina Bašta, Serbia"]
[Date "2020.10.10"]
[Round "1.1"]
[White "Perunovic, Miodrag"]
[Black "Markovic, Miroslav"]
[Result "1/2-1/2"]
[ECO "B11"]
[WhiteElo "2440"]
[BlackElo "2372"]
[Annotator "Knez"]
[PlyCount "60"]
[EventDate "2020.??.??"]
[TimeControl "90"]

1. e4 c6 2. Nc3 d5 3. Nf3 Bg4 4. h3 Bxf3 5. Qxf3 e6 6. d3 Nd7 7. Bd2 Ngf6 8. O-O-O Bb4 9. g4 d4 10. Nb1 Qa5 11. Bxb4 Qxb4 12. g5 Ng8 13. h4 Ne7 14. Bh3 h6 15. Nd2 hxg5 16. hxg5 Ng6 17. Qg3 Qa5 18. Nc4 Qxa2 19. Qc7 Rd8 20. Kd2 Qa4 21. c3 dxc3+ 22. bxc3 O-O 23. Ra1 Qb5 24. Ra5 Qb3 25. Ra3 Qb5 26. Ra5 Qb3 27. Ra3 Qb5 28. Ra5 Qb3 29. Bf5 Nb6 30. Bh3 Nd7 1/2-1/2

[Event "I Liga Centralne Srbije"]
[Site "Bajina Bašta, Serbia"]
[Date "2020.10.10"]
[Round "1.1"]
[White "Savic, Miodrag R"]
[Black "Pavlovic, Dejan S"]
[Result "1-0"]
[ECO "B22"]
[WhiteElo "2433"]
[BlackElo "2390"]
[Annotator "Knez"]
[PlyCount "115"]
[EventDate "2020.??.??"]
[TimeControl "90"]
[WhiteClock "1:30:29"]
[BlackClock "1:30:46"]

1. e4 c5 2. c3 Nf6 3. e5 Nd5 4. g3 Nc6 5. Bg2 e6 6. Nf3 d6 7.
exd6 Bxd6 8. d4 O-O 9. O-O h6 10. dxc5 Bxc5 11. Qe2 Qc7 12. Nbd2 Rd8 13. Nb3
Be7 14. Rd1 Bd7 15. c4 Nf6 16. Bf4 Qb6 17. Rac1 Be8 18. Be3 Qc7 19. Nfd4 Nxd4
20. Nxd4 a6 21. a3 Rd7 22. b4 Rad8 23. Rd2 a5 24. Nb5 Rxd2 25. Bxd2 Bxb5 26. cxb5 Qd7 27. Be1 axb4 28. axb4 Nd5 29. Qc4 Bg5 30. Rc2 Qd6 31. Bf3 Qe5 32. Re2 Qd6 33. Qc5 Qd7 34. Rc2 Ra8 35. Kg2 g6 36. Bxd5 Qxd5+ 37. Qxd5 exd5 38. Rc7 b6 39. Bc3 Kf8 40. Bd4 Ke8 41. Bxb6 Rb8 42. Rc6 Be7 43. Kf3 Bxb4 44. Kf4 d4 45. Ke4 Be1 46. f3 Kd7 47. Rc7+ Ke6 48. Rc6+ Kd7 49. Kd3 Bf2 50. Kc4 Bg1 51. h3 d3 52. Bc5 Bh2 53. Rd6+ Kc7 54.
b6+ Kc8 55. Rxd3 Bxg3 56. Kb5 Bf4 57. Kc6 g5 58. Be7 1-0

[Event "I Liga Centralne Srbije"]
[Site "Bajina Bašta, Serbia"]
[Date "2020.10.10"]
[Round "1.1"]
[White "Radovanovic, Dusan"]
[Black "Todorovic, Goran M"]
[Result "0-1"]
[ECO "E94"]
[WhiteElo "2326"]
[BlackElo "2404"]
[Annotator "Knez"]
[PlyCount "53"]
[EventDate "2020.??.??"]
[TimeControl "90"]
[WhiteClock "0:03:59"]
[BlackClock "0:54:06"]

1. d4 Nf6 2. c4 g6 3. Nc3 Bg7 4. e4 d6 5. Nf3 O-O 6. Be2 e5 7. O-O exd4 8.
Nxd4 Re8 9. f3 c6 10. Kh1 Nbd7 11. Nc2 Nb6 12. a4 Be6 13. Ne3 a5 14. f4 Qc7 15. Ra3 Rad8 16. Qe1 Bc8 17. c5 dxc5 18. e5 Nfd5 19. Ne4 f6 20.
Qh4 fxe5 21. f5 Bxf5 22. Nxf5 gxf5 23. Rh3 Bh8 24. Rxf5 Rd7 25. Rg5+ Kf8 26. Rf3+ Rf7 27. Qh6+ 0-1

[Event "I Liga Centralne Srbije"]
[Site "Bajina Bašta, Serbia"]
[Date "2020.10.10"]
[Round "1.1"]
[White "Radovanovic, Jovica"]
[Black "Radivojevic, Ivan"]
[Result "1/2-1/2"]
[ECO "E11"]
[WhiteElo "2303"]
[BlackElo "2365"]
[Annotator "Knez"]
[PlyCount "120"]
[EventDate "2020.??.??"]
[TimeControl "90"]
[WhiteClock "0:05:16"]
[BlackClock "0:00:38"]

1. d4 Nf6 2. Nf3 e6 3. c4 Bb4+ 4. Bd2 Qe7 5. g3 O-O 6. Bg2 Bxd2+ 7. Qxd2 d6 8. O-O e5 9. Nc3 Re8 10. Qc2 c6 11. e3 Qc7 12. Rac1 Nbd7 13. Rfd1 Nf8 14. h3 h6 15. a3 Bd7 16. b4 Rad8 17. dxe5 dxe5 18. Nd2 Qc8 19. Nde4 Nxe4 20. Nxe4 Bf5 21. Kh2 Bxe4 22. Bxe4 Rxd1 23. Rxd1 Rd8 24. Bf5 Qc7 25. c5 g6 26. Be4 h5 27. Rxd8 Qxd8 28. b5 Qe7 29. bxc6 bxc6 30. Bxc6 Ne6 31. Bd5 Qxc5 32. Qb3 Qd6 33. Kg2 Kg7 34. Bxe6 fxe6 35. Qb7+ Kf6 36. Qxa7 Qd5+ 37. Kh2 Qf3 38. Kg1 Qd1+ 39. Kg2 Qd5+ 40. Kh2 Qf3 41. e4 h4 42. gxh4 Qxe4 43. Qe3 Qxh4 44. Qf3+ Kg7 45. Qe3 Kf6 46. Kg2 Qc4 47. Qf3+ Kg7 48. Kg3 Qd4 49. Qe3 Qa1 50. Kg2 Kh7 51. h4 Qa2 52. Qf3 Qc4 53. h5 Kh6 54. hxg6 Kxg6 55. Kg3 Kg5 56. Qe3+ Kf5 57. f3 Qc2 58. Qa7 e4 59. Qh7+ Ke5 60.
Qxe4+ Qxe4 1/2-1/2

[Event "I Liga Centralne Srbije"]
[Site "Bajina Bašta, Serbia"]
[Date "2020.10.10"]
[Round "1.5"]
[White "Kojovic, Dragan"]
[Black "Celik, Hasan Huseyin"]
[Result "1-0"]
[ECO "D10"]
[WhiteElo "2307"]
[BlackElo "1970"]
[Annotator "Knez"]
[PlyCount "85"]
[EventDate "2020.??.??"]
[TimeControl "90"]
[WhiteClock "0:02:05"]
[BlackClock "0:14:56"]

1. d4 d5 2. c4 c6 3. cxd5 cxd5 4. Nc3 Nc6 5. Bf4 Nf6 6. e3 Bf5 7. Qb3 Na5 8. Bb5+ Bd7 9. Qa4 Nc6 10. Nf3 a6 11. Bxc6 Bxc6 12. Qb3 e6 13. O-O Nd7 14. Ne5 Nxe5 15. Bxe5 Bd6 16. Bxd6 Qxd6 17. f4 f5 18. a3 O-O 19. Rf2 Rf7 20. Rc1 Be8 21. Nb1 Rc7 22. Rxc7 Qxc7 23. Rc2 Bc6 24. Qb4 Rc8 25. Nd2 Qd8 26. Nf3 Bb5 27. Rxc8 Qxc8 28. Qc5 Qd8 29. b3 h6 30. Qc2 Kh7 31. a4 Be8 32. h3 b5 33. axb5 Bxb5 34. g4 Qf6 35. h4 Kg8 36. Qc8+ Kh7 37. g5 Qe7 38.
h5 Be8 39. g6+ Kg8 40. Qxa6 Kf8 41. Qb6 Qf6 42. Qd6+ Kg8 43. Kf2 1-0

[Event "I Liga Centralne Srbije"]
[Site "Bajina Bašta, Serbia"]
[Date "2020.10.10"]
[Round "1.5"]
[White "Irizanin, Radoje"]
[Black "Ostojic, Nikola"]
[Result "1/2-1/2"]
[ECO "A36"]
[WhiteElo "2331"]
[BlackElo "2406"]
[Annotator "Knez"]
[PlyCount "55"]
[EventDate "2020.??.??"]
[TimeControl "90"]
[WhiteClock "0:29:51"]
[BlackClock "0:50:11"]

1. c4 g6 2. g3 Bg7 3. Bg2 d6 4. Nc3 Nf6 5. e4 c5 6. Nge2 Nc6 7. O-O O-O 8. d3 Rb8 9. h3 Ne8 10. Be3 Nc7 11. d4 cxd4 12. Nxd4 a6 13. a4 Ne6 14. Nde2 Nc5 15.
Rb1 f5 16. Kh2 Kh8 17. b3 e5 18. Qd2 f4 19. Bxc5 dxc5 20.
Qxd8 Rxd8 21. Nd5 fxg3+ 22. fxg3 Be6 23. h4 Bg8 24. Nec3 Bh6 25.
Nf6 Rd2 26. Nxg8 Kxg8 27. Nd5 Rf8 28. Kh1 1/2-1/2

[Event "I Liga Centralne Srbije"]
[Site "Bajina Bašta, Serbia"]
[Date "2020.10.10"]
[Round "1.5"]
[White "Solomunovic, Igor"]
[Black "Marinkovic, Ivan"]
[Result "1/2-1/2"]
[ECO "B04"]
[WhiteElo "2355"]
[BlackElo "2451"]
[Annotator "Knez"]
[PlyCount "21"]
[EventDate "2020.??.??"]
[TimeControl "90"]
[WhiteClock "1:30:42"]
[BlackClock "1:30:53"]

1. e4 Nf6 2. e5 Nd5 3. d4 d6 4. Nf3 dxe5 5. Nxe5 g6 6. Bc4 c6 7. O-O Bg7 8. Nd2 Nd7 9. Nxd7 Bxd7 10. Nf3 Bg4 11. c3 1/2-1/2

[Event "I Liga Centralne Srbije"]
[Site "Bajina Bašta, Serbia"]
[Date "2020.10.10"]
[Round "1.5"]
[White "Novoselski, Zoran"]
[Black "Rabrenovic, Vladan"]
[Result "1/2-1/2"]
[ECO "B43"]
[WhiteElo "2318"]
[BlackElo "2302"]
[Annotator "Knez"]
[PlyCount "120"]
[EventDate "2020.??.??"]
[TimeControl "90"]
[WhiteClock "0:03:00"]
[BlackClock "0:02:34"]

1. e4 c5 2. Nc3 e6 3. Nf3 a6 4. g3 b5 5. Bg2 Bb7 6. d4 cxd4 7. Nxd4 b4 8. Na4 Nf6 9. Qe2 Qa5 10. b3 Nc6 11. Bb2 Nxd4 12. Bxd4 e5 13. Be3 Be7 14. Rd1 Qc7 15. Nb6 Rb8 16. Nd5 Nxd5 17. exd5 d6 18. Be4 O-O 19. g4 Bc8 20. Rg1 Bh4 21. Rd3 Qe7 22. Bd2 Bg5 23. h4 Bxd2+ 24. Qxd2 f5 25. gxf5 Bxf5 26. Bxf5 Rxf5 27. Rg4 Rf4 28. Rdg3 Rbf8 29. Qe2 a5 30. h5 R8f7 31. h6 g6 32. Rxf4 exf4 33. Rh3 Qxe2+ 34. Kxe2 Rc7 35. Kd2 Rc5 36. c4 bxc3+ 37. Rxc3 Rxd5+ 38. Rd3 Rb5 39. Rxd6 g5 40. Rd7 a4 41. Kc3 axb3 42. axb3 Rb6 43. Rg7+ Kh8 44. Rxg5 Rxh6 45. b4 Rh3+ 46. Kd4 Rf3 47. Rg2 h5 48. b5 Kh7 49. Kc4 Ra3 50. b6 Ra2 51. Rg5 Kh6 52. Rb5 Ra8 53. b7 Rb8 54. Kd4 h4 55.
Ke4 h3 56. Kf3 Kg6 57. Kg4 h2 58. Rg5+ Kf6 59. Rh5 Rxb7 60. Kxf4 Rb4+ 1/2-1/2

[Event "I Liga Centralne Srbije"]
[Site "Bajina Bašta, Serbia"]
[Date "2020.10.10"]
[Round "1.5"]
[White "Roljevic, Djordje"]
[Black "Mijatovic, Dusan"]
[Result "0-1"]
[ECO "D00"]
[WhiteElo "2177"]
[BlackElo "2177"]
[Annotator "Knez"]
[PlyCount "26"]
[EventDate "2020.??.??"]
[TimeControl "90"]
[WhiteClock "0:58:57"]
[BlackClock "0:51:54"]

1. d4 Nf6 2. Bg5 d5 3. e3 Nbd7 4. c4 Ne4 5. Bf4 e5 6. dxe5 Bb4+ 7. Ke2 Qh4 8. g3 Qh5+ 9. f3 g5 10. Qxd5 Ndc5 11. g4 Qh4 12. fxe4 Bxg4+ 13. Nf3 Qe1# 0-1